Map: 锈化山巅-天梯版

Players

cyan - Winner!

  • Race: Protoss Protoss
  • Spawn Location: 7:00

hyperion

  • Race: Zerg Zerg
  • Spawn Location: 1:00

VOD

Have the link to the VOD?

Description

Time

  • Played on: Oct. 13, 2020, 6:19 a.m.
  • Length: 10:05
Show
View Real Time Build Order
Export as new Build Order

cyan Protoss - Winner!

Build Orders: 1 Gate Expand 

Get SALT Encoding   

  12  0:00  Probe  
  13  0:12  Probe  
  14  0:19  Pylon  
  14  0:24  Probe  
  15  0:37  Probe (Chrono Boost)  
  15  0:39  Gateway  
  16  0:46  Probe (Chrono Boost)  
  16  0:49  Assimilator  
  17  0:56  Probe  
  18  1:08  Probe  
  19  1:20  Probe  
  20  1:27  Nexus  
  20  1:37  Cybernetics Core  
  20  1:40  Probe  
  20  1:46  Assimilator  
  21  1:52  Probe  
  22  1:56  Pylon  
  22  2:05  Probe  
  23  2:12  Adept (Chrono Boost)  
  25  2:17  Probe  
  25  2:21  Stargate  
  26  2:28  Warp Gate  
  26  2:29  Probe (Chrono Boost)  
  27  2:34  Adept  
  29  2:40  Probe (Chrono Boost)  
  31  2:47  Probe (Chrono Boost)  
  31  2:49  Probe (Chrono Boost)  
  32  2:54  Probe x2 (Chrono Boost)  
  32  2:55  Void Ray (Chrono Boost)  
  34  3:05  Probe  
  39  3:06  Probe  
  39  3:09  Pylon  
  40  3:16  Adept  
  40  3:17  Probe  
  40  3:18  Probe  
  44  3:23  Gateway  
  44  3:29  Probe  
  44  3:30  Probe  
  44  3:33  Twilight Council  
  46  3:41  Probe  
  46  3:42  Gateway  
  46  3:46  Gateway  
  46  3:48  Probe  
  48  3:53  Probe  
  48  3:55  Pylon  
  49  4:01  Probe  
  50  4:07  Pylon  
  50  4:17  Resonating Glaives (Chrono Boost)  
  50  4:19  Adept x2  
  50  4:20  Nexus, Probe  
  55  4:26  Probe  
  55  4:31  Pylon  
  56  4:32  Probe  
  56  4:35  Assimilator  
  57  4:39  Adept x2  
  57  4:44  Adept x2  
  65  4:49  Shield Battery  
  65  4:51  Probe x2  
  67  5:02  Adept x2  
  67  5:03  Probe x2  
  67  5:05  Adept  
  67  5:06  Adept  
  77  5:14  Assimilator  
  77  5:15  Probe  
  77  5:16  Pylon  
  78  5:24  Stargate  
  78  5:30  Void Ray (Chrono Boost)  
  78  5:31  Probe x2  
  80  5:36  Probe  
  80  5:39  Adept  
  80  5:40  Adept  
  89  5:43  Probe x2  
  89  5:49  Probe  
  92  5:55  Probe x2  
  90  6:01  Probe  
  89  6:04  Void Ray (Chrono Boost)  
  89  6:08  Void Ray (Chrono Boost), Probe x2 (Chrono Boost)  
  95  6:13  Probe (Chrono Boost)  
  92  6:20  Probe (Chrono Boost)  
  92  6:21  Assimilator  
  92  6:23  Assimilator  
  92  6:25  Probe x2 (Chrono Boost)  
  89  6:28  Probe (Chrono Boost)  
  89  6:32  Probe (Chrono Boost)  
  89  6:34  Void Ray  
  89  6:35  Adept x4, Probe  
  89  6:36  Probe  
  95  6:43  Pylon  
  95  6:44  Charge (Chrono Boost)  
  95  6:46  Pylon  
  99  6:47  Forge, Shield Battery  
  99  6:48  Shield Battery  
  99  6:55  Void Ray (Chrono Boost)  
  99  6:57  Gateway  
  99  7:00  Gateway  
  103  7:03  Gateway  
  103  7:05  Gateway  
  103  7:08  Templar Archives  
  103  7:11  Void Ray (Chrono Boost)  
  103  7:12  Robotics Facility  
  103  7:16  Shield Battery  
  103  7:17  Pylon  
  107  7:28  Sentry  
  107  7:29  Void Ray (Chrono Boost)  
  109  7:36  Sentry, Zealot x2  
  119  7:37  Protoss Ground Weapons Level 1 (Chrono Boost)  
  119  7:43  Forge  
  119  7:50  Nexus  
  119  7:54  Pylon  
  119  7:56  Pylon  
  119  8:01  Warp Prism, High Templar x2  
  125  8:05  Archon  
  125  8:09  Pylon  
  125  8:10  Pylon  
  125  8:12  Pylon, Probe  
  126  8:13  Pylon x2  
  126  8:18  Protoss Ground Armor Level 1 (Chrono Boost), High Templar  
  126  8:19  Zealot x3  
  134  8:26  High Templar  
  132  8:35  High Templar  
  132  8:37  Probe  
  135  8:43  Gateway  
  135  8:45  Photon Cannon  
  135  8:46  Gateway, Photon Cannon  
  135  8:48  Gateway, Archon, Shield Battery, High Templar  
  137  8:52  Gateway, Warp Prism (Chrono Boost)  
  137  9:00  Archon, High Templar  
  137  9:01  High Templar  
  137  9:02  Zealot x2  
  147  9:06  Archon, Zealot  
  149  9:10  Zealot  
  149  9:14  Zealot  
  153  9:21  Observer (Chrono Boost)  
  154  9:30  Assimilator  
  154  9:33  Assimilator  
  154  9:35  Zealot x8  
  170  9:42  Zealot x2  
  170  9:45  Zealot  
  161  10:01  Zealot x2  
  161  10:02  Zealot x8  
Show
View Real Time Build Order
Export as new Build Order

hyperion Zerg 

Build Orders: Hatch First 

Get SALT Encoding   

  12  0:01  Drone  
  13  0:10  Drone  
  14  0:15  Extractor, Drone  
  15  0:40  Hatchery  
  14  0:44  Overlord  
  14  0:52  Extractor  
  14  0:53  Drone  
  15  1:04  Drone x2  
  17  1:08  Drone  
  18  1:13  Extractor  
  18  1:18  Spawning Pool  
  16  1:21  Drone  
  17  1:29  Drone  
  18  1:42  Drone  
  19  1:50  Drone  
  20  1:56  Overlord  
  20  2:05  Queen x2  
  20  2:06  Zergling x4  
  26  2:14  Drone  
  27  2:17  Drone  
  27  2:22  Metabolic Boost  
  28  2:32  Drone x3  
  31  2:45  Hatchery  
  29  2:51  Queen  
  29  2:56  Overlord  
  31  2:59  Drone  
  31  3:00  Drone  
  31  3:05  Drone x2  
  35  3:15  Drone x2  
  35  3:16  Drone  
  38  3:20  Overlord  
  38  3:23  Drone  
  40  3:27  Drone x2  
  40  3:29  Queen  
  40  3:32  Spore Crawler  
  40  3:33  Drone  
  43  3:38  Overlord  
  43  3:43  Evolution Chamber  
  43  3:45  Drone  
  43  3:46  Overlord  
  43  3:58  Queen  
  43  4:02  Zergling x6  
  48  4:03  Drone x2  
  48  4:09  Spore Crawler  
  49  4:10  Drone x2  
  49  4:11  Drone x2  
  49  4:15  Drone x2  
  49  4:16  Zerg Missile Weapons Level 1  
  55  4:23  Drone x2  
  57  4:24  Drone  
  57  4:25  Drone  
  57  4:28  Overlord x2  
  57  4:31  Drone  
  60  4:36  Drone  
  61  4:42  Drone x2  
  63  4:46  Roach Warren  
  63  4:47  Drone x3  
  63  4:49  Drone x2  
  67  4:58  Lair  
  67  4:59  Overlord x2, Extractor, Drone x2  
  68  5:00  Extractor  
  68  5:01  Zergling x2  
  68  5:06  Drone x2  
  70  5:07  Queen  
  70  5:11  Drone x2  
  70  5:12  Overlord  
  73  5:17  Spore Crawler  
  73  5:19  Drone x2  
  74  5:25  Drone x2  
  74  5:26  Zergling x2  
  74  5:27  Zergling x2  
  78  5:30  Roach x4  
  81  5:36  Roach x2  
  85  5:45  Roach x3  
  82  5:53  Roach  
  77  6:03  Zergling x4, Roach x2  
  59  6:29  Drone x2  
  60  6:33  Drone  
  60  6:34  Drone x6  
  66  6:40  Drone x2  
  68  6:49  Drone x3  
  71  6:55  Overlord x2  
  71  6:56  Drone  
  71  6:58  Drone x2  
  74  7:02  Drone  
  74  7:08  Drone  
  76  7:09  Glial Reconstitution  
  76  7:11  Drone  
  76  7:13  Extractor  
  76  7:14  Extractor, Drone  
  76  7:20  Overlord  
  76  7:23  Hydralisk Den  
  76  7:24  Queen x2  
  76  7:27  Drone x2  
  81  7:30  Drone  
  81  7:31  Drone x2  
  81  7:33  Drone x2  
  86  7:40  Zerg Ground Armor Level 1  
  86  7:41  Overlord, Drone  
  86  7:42  Drone  
  86  7:43  Extractor  
  86  7:48  Overlord  
  86  7:49  Drone x2  
  88  8:04  Muscular Augments  
  88  8:05  Overlord x2  
  88  8:07  Hydralisk x4  
  96  8:13  Overlord  
  96  8:15  Overseer, Ravager  
  96  8:18  Overlord x2  
  97  8:32  Hydralisk x5  
  98  8:45  Extractor, Drone  
  98  8:46  Drone x2  
  98  8:47  Hydralisk  
  98  8:48  Hydralisk x3  
  106  8:52  Drone  
  106  8:55  Hydralisk x2  
  113  9:03  Overlord x2  
  113  9:05  Drone x3  
  113  9:06  Drone x2  
  118  9:24  Hydralisk x7  
  132  9:42  Hatchery  
Tags
 
Add a new tag
Caveats
  • Supply blocks, unpowered buildings, or Contaminate may cause inaccurate times.
  • Supply counts are checked every 10 seconds.